 Dungeon Crawl Stone Soup version 0.29.0-10-g45618ea6d2 (webtiles) character file.

Game seed: 5349271737191307152

100 nickcage the Cudgeller (level 4, -2/40 HPs)
             Began as a Minotaur Abyssal Knight on Sept 1, 2022.
             Was a Priest of Lugonu.
             Slain by Sigmund
             ... wielding a +1 scythe of protection
              (5 damage)
             ... on level 3 of the Dungeon.
             The game lasted 00:05:09 (2549 turns).

nickcage the Cudgeller (Minotaur Abyssal Knight)    Turns: 2549, Time: 00:05:10

Health: -2/40      AC:  7    Str: 19    XL:     4   Next: 47%
Magic:  4/4        EV:  9    Int:  7    God:    Lugonu [***...]
Gold:   91         SH:  0    Dex: 11    Spells: 3/3 levels left

rFire   . . .      SeeInvis .   p - +0 flail
rCold   . . .      Faith    .   (no shield)
rNeg    . . .      Spirit   .   n - +0 scale mail
rPois   .          Reflect  .   (helmet restricted)
rElec   .          Harm     .   (no cloak)
rCorr   .          Rampage  .   (no gloves)
Will    .....                   d - +0 pair of boots
Stlth   ..........              (no amulet)
HPRegen 0.13/turn               (no ring)
MPRegen 0.09/turn               (no ring)

@: brilliant
A: horns 2, retaliatory headbutt
a: Renounce Religion, Depart the Abyss, Bend Space, Banish


You were on level 3 of the Dungeon.
You worshipped Lugonu.
Lugonu was most pleased with you.
You visited 1 branch of the dungeon, and saw 3 of its levels.
You visited the Abyss 1 time.

You collected 91 gold pieces.

Inventory:

Hand Weapons
 a - a +1 mace
 o - a +0 war axe
 p - a +0 flail (weapon)
Missiles
 k - a boomerang (quivered)
Armour
 b - a +0 leather armour
 d - a +0 pair of boots (worn)
 n - a +0 scale mail (worn)
Jewellery
 m - a ring of see invisible
 q - a ring of fire
Scrolls
 f - a scroll of enchant armour {unknown}
 g - a scroll of brand weapon {unknown}
 h - a scroll of immolation {unknown}
 i - a scroll of identify {unknown}
Potions
 e - a potion of mutation {unknown}
 j - 2 potions of curing {unknown}
 l - a potion of cancellation {unknown}


   Skills:
 - Level 4.0 Fighting
 - Level 1.2(3.4) Axes
 + Level 5.0(5.1) Maces & Flails
 - Level 0.9 Throwing
 - Level 2.4 Armour
 - Level 1.1 Dodging
 - Level 1.7 Invocations


You had 3 spell levels left.
You didn't know any spells.
Your spell library was empty.

Dungeon Overview and Level Annotations

Branches:
Dungeon (3/15)

Altars:
The Shining One

Annotations:
D:3 Sigmund


Innate Abilities, Weirdness & Mutations

You have a pair of horns on your head.
You reflexively headbutt those who attack you in melee.


Message History

Something hits you but does no damage.
You miss something. Your headbutt misses something.
You hear some strange, mumbled words.
Something tries to affect you, but you resist.
Something hits you.
You closely miss something. Your headbutt misses something. You hit something.
Something hits you.
You miss something. Something hits you but does no damage.
You hit something. Something hits you but does no damage.
You closely miss something. You barely miss something.
Your headbutt misses something. Something hits you but does no damage.
You miss something. Your headbutt misses something. Something hits you.
You closely miss something. Your headbutt misses something.
You hear some strange, mumbled words.
A magic dart appears from out of thin air!
The magic dart hits you but does no damage.
You closely miss something. Something hits you!
You closely miss something.
You hear some strange, mumbled words.
A puff of flame appears from out of thin air!
The puff of flame hits you.
* * * LOW HITPOINT WARNING * * *
It was a potion of brilliance.
You feel clever all of a sudden.
You hear some strange, mumbled words.
Something tries to affect you, but you resist.
Okay, then.
You barely miss something. Your headbutt misses something.
Something hits you but does no damage.
You closely miss something. You miss something. Your headbutt misses something.
Something hits you but does no damage.
You hit something. Something hits you.
* * * LOW HITPOINT WARNING * * *
You sock something! Something hits you.
* * * LOW HITPOINT WARNING * * *
You hit something but do no damage. You closely miss something.
Something hits you.
You die...

#.##.#
####..#.#####
............#
#####.#.###..#
#.#'### {#
########.....#
.......'.....#
#
########....{#
# #....@#
##+####
#.....#
#......
#.....#
#....##
#.....#
####.##.##
###.....#
#<...##...
#.......#
##########
#.......######
#
#............#
##...........#


There were no monsters in sight!

Vanquished Creatures
  Jessica (D:2)
  3 gnolls (D:2)
  A worm (D:3)
  2 dart slugs
  5 endoplasms
  A giant cockroach (D:2)
  4 goblins
  4 hobgoblins
  5 kobolds
  6 ball pythons
  2 bats (D:1)
  4 frilled lizards
  5 rats
43 creatures vanquished.

Vanquished Creatures (others)
  A fungus (D:1)
  2 plants (D:1)
3 creatures vanquished.

Grand Total: 46 creatures vanquished

Notes
Turn   | Place    | Note
-------+----------+-------------------------------------------
     0 | Abyss:1  | nickcage the Minotaur Abyssal Knight began the quest for
                  | the Orb.
     0 | Abyss:1  | Reached XP level 1. HP: 19/19 MP: 1/1
     1 | D:1      | Escaped the Abyss
   131 | D:1      | Reached skill level 3 in Maces & Flails
   452 | D:1      | Reached XP level 2. HP: 25/26 MP: 2/2
   847 | D:1      | Found a faded altar of an unknown god.
  1058 | D:2      | Noticed Jessica
  1068 | D:2      | Killed Jessica
  1069 | D:2      | Reached skill level 4 in Maces & Flails
  1069 | D:2      | Reached XP level 3. HP: 27/31 MP: 3/3
  1172 | D:2      | Reached *** piety under Lugonu
  1750 | D:2      | Reached XP level 4. HP: 36/40 MP: 4/4
  1753 | D:2      | Reached skill level 1 in Axes
  2107 | D:3      | Found a glowing golden altar of the Shining One.
  2206 | D:3      | Reached skill level 5 in Maces & Flails
  2516 | D:3      | Noticed Sigmund
  2547 | D:3      | HP: 2/40 [something (5)]
  2549 | D:3      | Slain by Sigmund

Illustrated notes

Levels and vault maps discovered:
D:1:      psy_arrival_wood_between_worlds, layout_loops_cross,
          dreamdust_ecumenical_altar_hidden_monk_grotto, nrook_uturn,
          dk_noncrumbling_2
D:2:      layout_loops_ring, uniq_jessica
D:3:      layout_basic, mainiacjoe_overflow_alcove_1,
          lemuel_zombie_altar_kikubaaqudgha, marbit_many_paths, uniq_sigmund

Skill      XL: |  1  2  3  4 |
---------------+-------------+-----
Maces & Flails | 3 4 5 |  5.0
Axes           | 1 |  1.2
Fighting       | 4 |  4.0
Throwing       | |  0.9
Armour         | |  2.4
Dodging        | |  1.1
Invocations    | |  1.7

Action                   |  1- 3 |  4- 6 || total
-------------------------+-------+-------++-------
Melee: Mace              |    58 |       ||    58
       Headbutt          |    12 |     5 ||    17
       Punch             |     2 |       ||     2
       War axe           |     5 |     5 ||    10
       Flail             |       |    35 ||    35
Throw: Boomerang         |    13 |       ||    13
  Use: Potion            |       |     1 ||     1
Armor: Leather armour    |    16 |       ||    16
       Scale mail        |     3 |    11 ||    14
Dodge: Dodged            |    28 |    13 ||    41
